 Dungeon Crawl Stone Soup version 0.28.0 (webtiles) character file.

Game seed: 4805504816543596783

39 dolemite99 the Chopper (level 3, -2/31 HPs)
             Began as a Hill Orc Fighter on Feb 5, 2022.
             Was a Believer of Cheibriados.
             Slain by Sigmund (3 damage)
             ... on level 2 of the Dungeon.
             The game lasted 00:00:48 (1112 turns).

dolemite99 the Chopper (Hill Orc Fighter)           Turns: 1112, Time: 00:00:48

Health: -2/31      AC:  9    Str: 25    XL:     3   Next: 45%
Magic:  3/3        EV:  7    Int: 13    God:    Cheibriados [**....]
Gold:   49         SH:  5    Dex: 15    Spells: 2/2 levels left

rFire   . . .      SeeInvis .   a - +0 war axe
rCold   . . .      Faith    .   c - +0 buckler
rNeg    . . .      Spirit   .   e - +0 chain mail
rPois   .          Reflect  .   (no helmet)
rElec   .          Harm     .   (no cloak)
rCorr   .          Rampage  .   (no gloves)
Will    .....                   (no boots)
Stlth   ..........              (no amulet)
HPRegen 0.10/turn               (no ring)
MPRegen 0.08/turn               (no ring)

@: mighty, very slow
A: no striking features
a: Renounce Religion, Bend Time


You were on level 2 of the Dungeon.
You worshipped Cheibriados.
Cheibriados was pleased with you.
You visited 1 branch of the dungeon, and saw 2 of its levels.

You collected 49 gold pieces.

Inventory:

Hand Weapons
 a - a +0 war axe (weapon)
Missiles
 i - 45 stones (quivered)
Armour
 b - a +0 scale mail
 c - a +0 buckler (worn)
 e - a +0 chain mail (worn)
Scrolls
 f - 2 scrolls of identify {unknown}
 g - a scroll of enchant armour {unknown}
 h - a scroll of amnesia {unknown}
 j - a scroll of torment {unknown}
 k - a scroll of teleportation {unknown}
Potions
 l - a potion of haste {unknown}
 m - a potion of curing {unknown}
 n - a potion of mutation {unknown}


   Skills:
 - Level 3.6 Fighting
 + Level 5.0 Axes
 - Level 3.2 Armour
 - Level 3.2 Shields


You had 2 spell levels left.
You didn't know any spells.
Your spell library was empty.

Dungeon Overview and Level Annotations

Branches:
Dungeon (2/15)

Altars:
Cheibriados

Annotations:
D:2 Sigmund


Message History

You kill the jackal!
Cheibriados thoroughly appreciates the change of pace.
Cheibriados raises the support of your attributes as your movement slows.
A magic dart appears from out of thin air!
The magic dart hits you! Something hits you.
Your Axes skill increases to level 5!
You are too injured to fight recklessly!
You are too injured to fight recklessly!
You are too injured to fight recklessly!
You are too injured to fight recklessly!
You are too injured to fight recklessly!
You are too injured to fight recklessly!
You are too injured to fight recklessly!
You are too injured to fight recklessly!
You are too injured to fight recklessly!
You are too injured to fight recklessly!
You are too injured to fight recklessly!
You are too injured to fight recklessly!
You are too injured to fight recklessly!
You are too injured to fight recklessly!
You are too injured to fight recklessly!
You are too injured to fight recklessly!
You are too injured to fight recklessly!
You are too injured to fight recklessly!
You are too injured to fight recklessly!
You are too injured to fight recklessly!
You are too injured to fight recklessly!
You are too injured to fight recklessly!
You slash the dart slug!
You kill the dart slug!
Cheibriados appreciates the change of pace.
The bat barely misses you.
You feel very mighty all of a sudden. The bat hits you. Something hits you!
* * * LOW HITPOINT WARNING * * *
The bat barely misses you. The bat hits you but does no damage.
The bat hits you but does no damage. The bat hits you.
* * * LOW HITPOINT WARNING * * *
Something hits you.
You die...

.....................
.#..#.#######..#########
.#..#.# #............#
+#..#.# #..).........#
....#.# #............#
..<.#.# #............#
...##.# #####..#######
...##.# ##.# ...##.#
#@## +#.# #b.###### #.#
##.†....# #.#
+...)....'. ###
###(.....#. #......#
#......# #(.....#
#......#


You could see a bat.

Vanquished Creatures
  3 dart slugs
  A ball python (D:1)
  An endoplasm (D:1)
  A giant cockroach (D:1)
  7 goblins
  3 hobgoblins
  2 jackals (D:2)
  6 kobolds
  4 bats
28 creatures vanquished.

Notes
Turn   | Place    | Note
-------+----------+-------------------------------------------
     0 | D:1      | dolemite99 the Hill Orc Fighter began the quest for the
                  | Orb.
     0 | D:1      | Reached XP level 1. HP: 19/19 MP: 1/1
   122 | D:1      | Reached skill level 3 in Axes
   155 | D:1      | Found a faded altar of an unknown god.
   166 | D:1      | Prayed at the altar of an unknown god.
   166 | D:1      | Became a worshipper of Cheibriados the Contemplative
   166 | D:1      | Reached * piety under Cheibriados
   327 | D:1      | Reached XP level 2. HP: 26/26 MP: 2/2
   439 | D:1      | Reached skill level 4 in Axes
   900 | D:1      | Reached ** piety under Cheibriados
   901 | D:1      | Reached XP level 3. HP: 31/31 MP: 3/3
  1096 | D:2      | Noticed Sigmund
  1109 | D:2      | Reached skill level 5 in Axes
  1112 | D:2      | HP: 1/31 [bat (1)]
  1112 | D:2      | Slain by Sigmund

Illustrated notes

Levels and vault maps discovered:
D:1:      dpeg_arrival_tiny_b, layout_basic, basic_ecumenical_altar
D:2:      layout_basic, basic_altar, minmay_snake_closets, uniq_sigmund

Skill      XL: |  1  2  3 |
---------------+----------+-----
Axes           | 3 4 5 |  5.0
Fighting       | |  3.6
Armour         | |  3.2
Shields        | |  3.2

Action                   || total
-------------------------++-------
Melee: War axe           ||    55
Throw: Stone             ||    10
  Use: Potion            ||     1
Armor: Chain mail        ||    57
Dodge: Dodged            ||    28
Block: Buckler           ||    22
